 Dungeon Crawl Stone Soup version 0.30-a0-149-g7f746667c4 (webtiles) character file.

Game seed: 666786954302093034

3896 themarg the Thaumaturge (level 10, 0/67 HPs)
             Began as a Djinni Fire Elementalist on Sept 26, 2022.
             Was a Believer of Ashenzari.
             Killed by divine providence
             ... invoked by an orc priest
              (14 damage)
             ... on level 7 of the Dungeon.
             The game lasted 00:37:10 (11012 turns).

themarg the Thaumaturge (Djinni Fire Elementalist) Turns: 11012, Time: 00:37:10

Health: 0/67       AC: 11    Str: 11    XL:     10   Next: 43%
Gold:   513        EV: 14    Int: 21    God:    Ashenzari [**....] SH:  0 Dex: 14

rFire   + + .      SeeInvis +    J - +5 dagger of Vutry {flame, Str+4}
rCold   x . .      Faith    .    (no shield)
rNeg    . . .      Spirit   .    a - +0 robe
rPois   ∞          Reflect  .    A - +0 helmet "Oracular Jealousy" {Fort, Melee} (curse)
rElec   .          Harm     .    b - +0 cloak of Ashenzari's Suspicion {Range, Cun} (curse)
rCorr   .          Rampage  .    s - +2 pair of gloves of Ashenzari's Seer {Fort, Evo} (curse)
Will    +....                    (boots unavailable)
Stlth   +++.......               (no amulet)
HPRegen 0.21/turn                u - +4 ring of protection
MPRegen 0.00/turn                (no ring)

@: flying, studying Spellcasting
A: sickness immunity, fire resistance 2, cold vulnerability 1, float, innate
caster, HP casting, extra vitality 1
a: Renounce Religion, Shatter the Chains


You were on level 7 of the Dungeon.
You worshipped Ashenzari.
Ashenzari was pleased with you.
You visited 2 branches of the dungeon, and saw 9 of its levels.
You also visited: Ossuary and Bailey.

You collected 513 gold pieces.

Inventory:

Hand Weapons
 J - the +5 dagger of Vutry (weapon) {flame, Str+4}
   (You found it on level 6 of the Dungeon)

   It burns those it strikes, dealing additional fire damage.
   Str:       It affects your strength (+4).
Missiles
 k - 2 atropa-tipped darts
 y - 10 poisoned darts
 E - a curare-tipped dart
 L - a throwing net
Armour
 a - a +0 robe (worn)
 b - the cursed +0 cloak of Ashenzari's Suspicion (worn) {Range, Cun}
   (You found it on level 1 of the Dungeon)

   It has a curse which improves the following skills: Ranged Combat: Ranged
   Weapons and Throwing.
   Cunning:   Dodging and Stealth.
 s - the cursed +2 pair of gloves of Ashenzari's Seer (worn) {Fort, Evo}
   (You found it on level 4 of the Dungeon)

   It has a curse which improves the following skills: Fortitude: Armour and
   Shields.
   Evocations: Evocations.
 A - the cursed +0 helmet "Oracular Jealousy" (worn) {Fort, Melee}
   (You found it on level 5 of the Dungeon)

   It has a curse which improves the following skills: Fortitude: Armour and
   Shields.
   Melee Combat: Short Blades, Long Blades, Axes, Maces & Flails, Polearms,
   Staves and Unarmed Combat.
 M - a +2 pair of gloves
Jewellery
 u - a +4 ring of protection (left hand)
 C - the amulet "Nununty" {rPois rF+ Will+ Regen+ Dex-4}
   (You acquired it on level 7 of the Dungeon)

   [amulet of regeneration]

   Dex:       It affects your dexterity (-4).
   rF:        It protects you from fire.
   rPois:     It protects you from poison.
   Regen:     It increases your rate of health regeneration.
   Will:      It increases your willpower.
 I - a +6 ring of dexterity
Wands
 n - a wand of quicksilver (6)
 p - a wand of polymorph (15)
 r - a wand of roots (2)
 x - a wand of paralysis (18)
Scrolls
 e - a scroll of summoning
 g - a scroll of poison
 h - a scroll of brand weapon
 l - a scroll of amnesia
 m - 5 scrolls of identify
 v - a scroll of fear
 B - 2 scrolls of teleportation
 F - a scroll of magic mapping
 K - a scroll of blinking
 N - a scroll of acquirement
 Q - a scroll of enchant weapon
Potions
 c - 7 potions of might
 d - 2 potions of mutation
 f - 6 potions of curing
 i - 3 potions of resistance
 j - 2 potions of flight
 o - 4 potions of magic
 q - a potion of berserk rage
 t - 2 potions of attraction
 w - 4 potions of haste
 z - 8 potions of heal wounds
 D - a potion of invisibility
 G - 2 potions of cancellation
 H - 3 potions of degeneration
 O - a potion of brilliance
 P - a potion of ambrosia


   Skills:
 + Level 3.8 Fighting
 - Level 5.0(6.2) Dodging
 - Level 3.0(4.0) Stealth
 + Level 10.9 Spellcasting


You had 9 spell levels left.
You knew the following spells:

 Your Spells              Type           Power      Damage    Failure   Level
a - Foxfire               Conj/Fire      100%       2x1d9     1%          1
b - Scorch                Fire           100%       2d10      1%          2
c - Kindle Blastsparks    Fire/Tloc/Air  100%       2d18      1%          3
d - Inner Flame           Hex/Fire       55%        N/A       1%          3
e - Flame Wave            Conj/Fire      55%        2d13      1%          4
f - Necrotise             Necr           100%       1d9       1%          1
g - Call Imp              Summ           55%        N/A       1%          2
h - Wereblood             Tmut           55%        N/A       1%          2
i - Frozen Ramparts       Ice            100%       1d16      1%          3
Your spell library was empty.

Dungeon Overview and Level Annotations

Branches:
Dungeon (8/15)             Temple (1/1) D:7         Ossuary (visited)
 Bailey (visited)
   Lair: D:8-11

Altars:
Ashenzari
Cheibriados
Elyvilon
Fedhas
Gozag
Hepliaklqana
Makhleb
Nemelex Xobeh
Okawaru
Ru
Trog
Uskayaw
Xom
Yredelemnul
Zin
The Shining One


Innate Abilities, Weirdness & Mutations

You are immune to sickness and miasma.
You are immune to poison.
Your flesh is very heat resistant. (rF++)
You are vulnerable to cold. (rC-)
You float through the air rather than walking.
You learn spells naturally, not from books.
Your magical power is your life essence.
You have superior vitality. (+4 MHP)


Message History

Press: ? - help, Dir - move target, f - orc
Aim: an orc, wielding a +0 dagger and wearing a +0 chain mail (chance to affect: 99%)
The orc is filled with an inner flame.
The orc priest shouts!
An orc comes into view. It is wielding a +0 hand axe.
Casting: Inner Flame (safe; 1% risk of failure)
Confirm with . or Enter, or press ? or * to list all spells.
Flames lash the orc.
Flame seeps out of the orc.
The orc is moderately wounded.
The orc's fire resistance burns away.
The orc priest mumbles some strange prayers to Beogh against you.
Beogh smites you!
The orc is engulfed in blazing flames.
The orc explodes!
Casting: Scorch (safe; 1% risk of failure)
Confirm with . or Enter, or press ? or * to list all spells.
Flames lash the orc.
You kill the orc!
The orc priest invokes the aid of Beogh against you.
Beogh smites you!
The orc priest mumbles some strange prayers to Beogh against you.
Beogh smites you!
Casting: Scorch (safe; 1% risk of failure)
Confirm with . or Enter, or press ? or * to list all spells.
Flames lash the orc priest.
The orc priest shouts!
The orc priest is moderately wounded.
The orc priest's fire resistance burns away.
The orc priest mumbles some strange prayers to Beogh against you.
Pain shoots through your body!
* * * LOW HITPOINT WARNING * * *
Casting: Scorch (safe; 1% risk of failure)
Confirm with . or Enter, or press ? or * to list all spells.
Aiming: Necrotise (safe; 1% risk of failure)
Press: ? - help, Shift-Dir - straight line, f - orc priest
Aim: an orc priest, wielding a +0 hand axe and wearing a +0 ring mail (moderately wounded, more vulnerable to fire, chance to affect: 83%)
The orc priest writhes in agony.
* * * LOW HITPOINT WARNING * * *
The orc priest mumbles some strange prayers to Beogh against you.
Beogh smites you!
You die...

#.........###
#...o.o.###
#.....o##
#..)..## ###
#....## ##.##
#.##.# ##...##
###.#####.....#
#...###.......##
###..#@........#
#.oo.........##
##............#
#............#
##...........##
#.#..........#
##.#.........#
#.##........#
#..##.......#


You could see an orc priest (combustible) and an orc.

Vanquished Creatures
  Prince Ribbit (D:8)
  2 steam dragons (D:7)
  Menkaure (D:7)
  A water moccasin (D:7)
  2 ice beasts
  An orc warrior (Bailey)
  5 sky beasts (D:7)
  A black bear (D:5)
  2 ogres
  A phantom (D:5)
  2 kobold brigands
  A bullfrog (D:8)
  2 scorpions
  10 wights
  3 howler monkeys
  5 hounds (D:5)
  A jelly (D:4)
  3 orc priests
  4 human zombies (Ossuary)
  Natasha (thrice) (D:3)
  5 iguanas
  8 orc wizards
  3 mummies
  13 gnolls
  9 adders
  2 shadow imps
  A white imp (D:6)
  2 adder zombies (Ossuary)
  11 worms
  A dart slug (D:4)
  37 orcs
  9 ball pythons
  6 endoplasms
  6 giant cockroaches
  7 goblins
  12 hobgoblins
  2 jackals (D:3)
  5 quokkas
  8 bats
  3 frilled lizards
  12 hobgoblin zombies (Ossuary)
  A jackal zombie (Ossuary)
  8 kobolds
  6 kobold zombies (Ossuary)
  11 orc zombies (Ossuary)
  6 rats
  A rat zombie (Ossuary)
246 creatures vanquished.

Vanquished Creatures (others)
  436 foxfires
436 creatures vanquished.

Grand Total: 682 creatures vanquished

Notes
Turn   | Place    | Note
-------+----------+-------------------------------------------
     0 | D:1      | themarg the Djinni Fire Elementalist began the quest for
                  | the Orb.
     0 | D:1      | themarg set off with the following spells memorised:
                  | Foxfire, Scorch, Kindle Blastsparks, Inner Flame, Flame
                  | Wave.
     0 | D:1      | Reached XP level 1. HP: 15/15 MP: 0/0
   369 | D:1      | Reached XP level 2. HP: 18/21 MP: 0/0
  1063 | D:2      | Found a faded altar of an unknown god.
  1217 | D:2      | Reached XP level 3. HP: 22/25 MP: 0/0
  1217 | D:2      | Learned a level 1 spell: Necrotise
  1680 | D:2      | Reached skill level 3 in Spellcasting
  1814 | D:2      | Reached XP level 4. HP: 25/31 MP: 0/0
  2213 | D:3      | Found a sacrificial altar of Ru.
  2448 | D:3      | Noticed Natasha
  2452 | D:3      | Killed Natasha
  2453 | D:3      | Reached XP level 5. HP: 30/35 MP: 0/0
  2453 | D:3      | Learned a level 2 spell: Call Imp
  2609 | D:3      | Noticed Natasha
  2914 | D:3      | Killed Natasha
  2915 | D:3      | Reached skill level 4 in Spellcasting
  3145 | D:3      | Noticed Natasha
  3165 | D:3      | Killed Natasha
  3166 | D:3      | Reached XP level 6. HP: 30/40 MP: 0/0
  3735 | D:4      | Reached skill level 5 in Spellcasting
  3946 | D:4      | Identified the +1 scale mail of Freedom {rN++ Regen+ Dex+2
                  | Stlth-}
  3984 | D:4      | Reached XP level 7. HP: 34/45 MP: 0/0
  3984 | D:4      | Learned a level 2 spell: Wereblood
  4406 | D:4      | Found a basalt altar of Yredelemnul.
  5112 | D:5      | Entered Level 5 of the Dungeon
  5212 | D:5      | Reached skill level 6 in Spellcasting
  5477 | D:5      | Found a hide-covered altar of Uskayaw.
  5543 | D:5      | Reached XP level 8. HP: 44/50 MP: 0/0
  5737 | D:5      | Reached skill level 7 in Spellcasting
  6421 | D:5      | You are sucked into a shaft and drop 3 floors!
  6477 | D:8      | Found a flagged portal.
  6483 | D:8      | Noticed Prince Ribbit
  6496 | Bailey   | Entered a bailey
  7065 | Bailey   | Reached skill level 8 in Spellcasting
  7131 | Bailey   | Reached XP level 9. HP: 50/55 MP: 0/0
  7131 | Bailey   | Learned a level 3 spell: Frozen Ramparts
  7298 | D:8      | Killed Prince Ribbit
  7389 | D:7      | Acquired the amulet "Nununty" {rPois rF+ Will+ Regen+
                  | Dex-4}
  7402 | D:7      | Reached skill level 9 in Spellcasting
  7544 | D:7      | Found a staircase to the Ecumenical Temple.
  7559 | Temple   | Entered the Ecumenical Temple
  7566 | Temple   | Became a worshipper of Ashenzari the Shackled
  7610 | D:7      | Found a sand-covered staircase.
  7616 | Ossuary  | Entered an ossuary
  8347 | D:6      | Acquired a manual of Spellcasting
  8602 | D:6      | Reached skill level 10 in Spellcasting
  8724 | D:6      | Reached skill level 1 in Fighting
  8807 | D:6      | Reached XP level 10. HP: 56/63 MP: 0/0
  9122 | D:6      | Identified the +5 dagger of Vutry {flame, Str+4}
 10205 | D:7      | Reached * piety under Ashenzari
 10597 | D:7      | Noticed Menkaure
 10600 | D:7      | Killed Menkaure
 10895 | D:7      | Reached skill level 5 in Dodging
 10906 | D:7      | Reached ** piety under Ashenzari
 11012 | D:7      | Killed from afar by an orc priest

Illustrated notes

Levels and vault maps discovered:
D:1:      lightli_arrival_noodles, layout_basic
D:2:      layout_loops_ring, basic_ecumenical_altar, minmay_tree_intersection
D:3:      minmay_diamond_boxcup, layout_rooms,
          nicolae_ru_great_annihilating_truth, minivault_19, uniq_natasha
D:4:      layout_cave_pods, lemuel_tele_altar
D:5:      layout_layer_cave, marbit_many_paths, nicolae_wormholes
D:6:      layout_loops_corners
D:7:      layout_cave_pods, minmay_temple_entry_stoned_glass,
          gup_ossuary_entry_pyramid, hangedman_misty_isle, uniq_menkaure
D:8:      layout_loops_corners, overflow_temple_1_default, enter_bailey_4,
          uniq_prince_ribbit1, uniq_maurice, uniq_psyche
Temple:   nicolae_temple_no_exploring_needed

Skill      XL: |  1  2  3  4  5  6  7  8  9 10 |
---------------+-------------------------------+-----
Stealth        | 2 3 |  3.0
Spellcasting   | 3 4 5 6 8 10 | 10.9
Fighting       | 1 3 |  3.8
Dodging        | 3 5 |  5.0

Action                   |  1- 3 |  4- 6 |  7- 9 | 10-12 || total
-------------------------+-------+-------+-------+-------++-------
Melee: Unarmed           |     1 |       |       |       ||     1
       Dagger            |       |     1 |     1 |     2 ||     4
 Cast: Foxfire           |    39 |    76 |   135 |    30 ||   280
       Scorch            |    12 |    31 |    98 |    22 ||   163
       Kindle Blastspark |       |       |     6 |     1 ||     7
       Flame Wave        |       |       |     1 |       ||     1
       Inner Flame       |       |       |    21 |     9 ||    30
       Necrotise         |       |       |       |     1 ||     1
Invok: Curse Item        |       |       |       |     3 ||     3
  Use: Scroll            |       |     1 |     4 |       ||     5
 Stab: Sleeping          |       |       |     1 |       ||     1
Armor: Robe              |     4 |     5 |    12 |     1 ||    22
Dodge: Dodged            |     2 |     5 |    23 |     3 ||    33

Table legend: (Time is in decaauts)
 A = Elapsed time spent in this place.
 B = Non-inter-level travel time spent in this place.
 C = Inter-level travel time spent in this place.
 D = Time resting spent in this place.
 E = Time spent auto-exploring this place.
 F = Levels seen in this place.
 G = Mean time per level.
                   A        B        C        D        E       F      G
               +--------+--------+--------+--------+--------+-----+--------+
         Total |  11009 |  10860 |    149 |   3894 |   4903 |  11 | 1000.8 |
       Dungeon |   9549 |   9400 |    149 |   3008 |   4899 |   8 | 1193.6 |
        Temple |     14 |     14 |      0 |      0 |      0 |   1 |   14.0 |
       Ossuary |    647 |    647 |      0 |    352 |      4 |   1 |  647.0 |
        Bailey |    797 |    797 |      0 |    534 |      0 |   1 |  797.0 |
               +--------+--------+--------+--------+--------+-----+--------+

Top non-repeatable levels by time:
     D:5: 1849 daAuts
     D:4: 1606 daAuts
     D:3: 1365 daAuts
     D:6: 1179 daAuts
     D:7: 1117 daAuts
     D:2: 1078 daAuts
     D:1: 1059 daAuts
  Bailey: 797 daAuts
 Ossuary: 647 daAuts
     D:8: 291 daAuts
  Temple: 14 daAuts
